 Dungeon Crawl Stone Soup version 0.14-a0-770-g009d3a2 (webtiles) character file.

78253 JacquesDerrida the Frost Mage (level 15, -2/100 HPs)
             Began as a Demonspawn Ice Elementalist on Nov 9, 2013.
             Was an Elder of Ashenzari.
             Killed from afar by an orc sorcerer (29 damage)
             ... with a bolt of negative energy
             ... on Level 4 of the Orcish Mines.
             The game lasted 03:11:39 (31313 turns).

JacquesDerrida the Frost Mage (DsIE)               Turns: 31313, Time: 03:11:39

HP  -2/100       AC 16     Str 10      XL: 15   Next: 11%
MP   6/27        EV 14     Int 20 (21) God: Ashenzari [****..]
Gold 2231        SH 12     Dex 14      Spells: 11 memorised,  3 levels left

Res.Fire  : . . .   See Invis. : +   C - +5,+0 demon whip (flame) (curse)
Res.Cold  : . . .   Warding    : .   P - +2 steam dragon armour
Life Prot.: . . .   Conserve   : .   H - +2 buckler
Res.Poison: +       Res.Corr.  : .   y - +2 orc helmet (curse)
Res.Elec. : .       Clarity    : +   p - +2 elf cloak
Sust.Abil.: . .     Spirit.Shd : .   G - +1 pair of gloves "Ucliegut" {MR++}
Res.Mut.  : .       Stasis     : .   (boots unavailable)
Res.Rott. : .       Flight     : .   B - amulet of the gourmand
Gourmand  : +                        J - ring of invisibility
                                     F - ring of poison resistance

@: repel missiles, drained, very resistant to hostile enchantments, fairly
stealthy
A: talons 3, carnivore 1, demonic guardian 2, -10% mp, powered by death 2,
screaming 1, spit poison 1, AC +1
a: Spit Poison, Scrying, Renounce Religion, Evoke Invisibility


You were on level 4 of the Orcish Mines.
You worshipped Ashenzari.
Ashenzari was greatly pleased with you.
You were full.

You visited 4 branches of the dungeon, and saw 27 of its levels.
You also visited: Labyrinth, Sewer, Bailey and Ice Cave.

You collected 2631 gold pieces.
You spent 400 gold pieces at shops.

Inventory:

Hand weapons
 t - a +4,+2 dagger of electrocution
 C - a cursed +5,+0 demon whip of flaming (weapon)
 D - a +2,+3 scimitar of flaming
Armour
 j - the cursed +2 pair of fencer's gloves {EV+3 Dex+3 Acc+8}
   (You acquired it in a bailey)

   It affects your evasion (+3).
   It affects your dexterity (+3).
   It affects your accuracy (+8).
   It has a curse placed upon it.
 p - a +2 elven cloak (worn)
 y - a cursed +2 orcish helmet (worn)
 G - the +1 pair of gloves "Ucliegut" (worn) {MR++}
   (You acquired it on level 6 of the Lair of Beasts)

   It affects your resistance to hostile enchantments.
 H - a +2 buckler (worn)
 P - a +2 steam dragon armour (worn)
Magical devices
 g - a wand of teleportation (3)
 s - a wand of fire (0)
 v - a wand of teleportation (1)
 Q - a wand of digging (8)
Comestibles
 c - 3 bread rations
Scrolls
 b - a scroll of remove curse
 d - 2 scrolls of fog
 m - a scroll of enchant armour
 u - a scroll of teleportation
Jewellery
 i - an uncursed ring of wizardry
 B - an amulet of the gourmand (around neck)
 F - a ring of poison resistance (left hand)
 J - a ring of invisibility (right hand)
Potions
 f - a potion of resistance
 h - 5 potions of might
 l - a potion of confusion
 n - 2 potions of berserk rage
 o - 2 potions of brilliance
 q - a potion of flight
 z - a potion of agility
 A - 6 potions of curing
 I - 2 potions of heal wounds


   Skills:
 - Level 5.6(4.8) Fighting
 - Level 2.0(1.2) Short Blades
 - Level 6.7(5.8) Long Blades
 + Level 8.5(10.9) Maces & Flails
 - Level 1.0(0.3) Armour
 - Level 4.9(4.1) Dodging
 - Level 1.7(1.0) Stealth
 - Level 5.0(4.2) Shields
 - Level 9.4(8.5) Spellcasting
 - Level 11.3(10.3) Conjurations
 - Level 5.2(4.4) Charms
 - Level 3.2(2.4) Summonings
 - Level 7.2(6.3) Necromancy
 - Level 13.0(12.0) Ice Magic


You had 3 spell levels left.
You knew the following spells:

 Your Spells              Type           Power        Failure   Level  Hunger
a - Freeze                Ice            ####         1%          1    None
b - Ozocubu's Armour      Chrm/Ice       #####.....   1%          3    None
c - Throw Frost           Conj/Ice       ######       1%          2    None
d - Throw Icicle          Conj/Ice       ######..     1%          4    ###....
e - Summon Ice Beast      Ice/Summ       #####.....   6%          4    ###....
f - Animate Skeleton      Necr           N/A          1%          1    None
g - Animate Dead          Necr           N/A          8%          4    ###....
h - Regeneration          Chrm/Necr      ####......   2%          3    None
i - Blink                 Tloc           N/A          14%         2    None
j - Repel Missiles        Chrm/Air       ###.......   6%          2    None
k - Conjure Flame         Conj/Fire      ####....     3%          3    None


Dungeon Overview and Level Annotations

Branches:
Dungeon (14/27)            Temple (1/1) D:6             Orc (4/4) D:11
    Elf (0/3) Orc:3          Lair (8/8) D:9           Swamp (0/5) Lair:5
 Spider (0/5) Lair:6        Slime (0/6) Lair:6

Altars:
Ashenzari
Cheibriados
Elyvilon
Fedhas
Kikubaaqudgha
Makhleb
Nemelex Xobeh
Okawaru
Sif Muna
Trog
Vehumet
Xom
Yredelemnul
Zin
the Shining One
Beogh

Shops:
D:10 [%(/   D:12 [   D:13 *   D:14 !   Orc:2 (   Orc:4 ?[=(}

Annotations:
D:3 Dowan
D:5 exclusion: ice beast
D:7 exclusion: zombie
D:13 exclusion: silver statue
D:14 exclusion: Roxanne, Roxanne
Orc:3 exclusion: door
Lair:8 exclusion: oklob plant


Innate Abilities, Weirdness & Mutations

You have claws for feet.
You are partially covered in icy blue scales (AC +1).
A demonic guardian rushes to your aid.
You can steal the life force of defeated enemies.
Your digestive system is specialised to digest meat.
Your magical capacity is low (-10% MP).
You occasionally shout uncontrollably.
You can spit poison.


Message History

You block the ice devil's attack.
Things that are here:
a -1,+0 orcish hand axe; an uncursed orcish robe; a -1,+2 orcish whip a +0,+1 orcish mace You closely miss the orc sorcerer.
You claw the orc sorcerer.
The orc sorcerer is moderately wounded.
You miss the orc sorcerer.
You claw the orc sorcerer, but do no damage.
The orc sorcerer is moderately wounded.
Your orc zombie closely misses the ice devil.
The orc sorcerer casts a spell at you. The bolt of fire misses you.
The bolt of fire hits your orc zombie. The bolt of fire hits your orc zombie.
The ice devil hits you! The ice devil freezes you!
* * * LOW HITPOINT WARNING * * *
The orc sorcerer casts a spell at you.
The bolt of negative energy hits your orc zombie.
Your orc zombie completely resists.
The bolt of negative energy hits you!
You feel drained.
You die...

.#.....z.........###.##...# #.∩#
....))z..........##..##..##..#..#
........zz.......##.##o4.#...o#.∩
........z........##.##oo5.....#..
.................##.##ooo5.....#.
z...............[##.#####.5o.o.#.
.z.............3zo).[[...3o......
..............z)z##)#####4oo...#.
).............z)@##{##oo4o.....#.
..............z..##.##ooo.....#..
.............).3.##.##o..#...o#.∩
...............[.##..##..##..#..#
.............)).)###.##...# .#.∩#
#.......))....)..###..##.. ,...##
#.......).)(.....####.. *,, o###
...........(.....# * ,,,,** *###
...........).....# * * ##


You could see an ice devil, an orc sorcerer, a friendly smoke demon and 5
friendly orc zombies.

Vanquished Creatures
  Saint Roka (Orc:3)
  Kirke (D:14)
  A frost giant (IceCv)
  An orc warlord (Bailey)
  A fire dragon (Lair:8)
  Harold (D:14)
  Nessos (Orc:4)
  3 hydras
  3 orc high priests (Orc:4)
  3 centaur warriors
  Nergalle (Lair:4)
  A swamp dragon (Lair:6)
  An unseen horror (D:12)
  Erolcha (D:9)
  3 hill giants
  5 orc sorcerers (Orc:4)
  4 orc knights
  A sixfirhy (Orc:4)
  2 spiny worms
  2 elephants (Lair:7)
  Maurice (D:9)
  A black mamba (Lair:1)
  A queen ant (Lair:3)
  10 spiny frogs
  A fire drake (Lair:8)
  6 komodo dragons
  2 trolls
  An efreet (Bailey)
  A hydra zombie (D:13)
  9 polar bears
  2 two-headed ogres
  A wolf spider simulacrum (D:14)
  Prince Ribbit (D:5)
  A rock worm (Lair:8)
  12 blink frogs
  A trapdoor spider zombie (D:13)
  8 slime creatures (D:14)
  A grizzly bear (Lair:8)
  2 hungry ghosts (D:10)
  A trapdoor spider (Lab)
  2 ugly things (D:13)
  4 wyverns
  4 basilisks
  4 hogs (D:14)
  A griffon skeleton (D:12)
  18 yaks
  2 elephant slugs
  A steam dragon (Lair:8)
  A hill giant skeleton (D:14)
  14 wolves
  10 hippogriffs
  The ghost of JacquesDerrida the Chiller, an average DsIE (D:4)
  Menkaure (D:6)
  5 manticores
  6 sky beasts
  2 ice beasts
  A mottled dragon (Lair:8)
  8 soldier ants
  2 swamp drakes
  22 orc warriors
  The ghost of timbw the Cudgeler, an average OgFi (D:3)
  5 porcupines
  2 phantoms (D:11)
  4 black bears
  A yellow wasp (D:11)
  8 crocodiles
  5 ogres
  Sigmund (D:5)
  Duvessa (D:4)
  11 centaurs
  3 wargs
  A brain worm (D:14)
  3 giant slugs
  6 agate snails
  7 water moccasins
  6 giant frogs
  A gnoll sergeant (D:8)
  10 big kobolds
  A yaktaur skeleton (D:14)
  A wyvern skeleton (D:10)
  17 wights
  A hippogriff zombie (D:9)
  A troll zombie (D:13)
  An eye of draining (D:14)
  18 killer bees
  3 electric eels (Lair:7)
  25 orc priests
  3 goliath beetles
  Crazy Yiuf (D:6)
  A centaur skeleton (D:6)
  11 crimson imps
  10 hounds
  3 jellies
  19 orc wizards
  2 iguanas
  2 scorpions
  24 worker ants
  2 sheep
  An ogre skeleton (D:9)
  A mottled dragon zombie (D:10)
  A hound zombie (D:9)
  A worker ant zombie (D:6)
  13 gnolls
  63 green rats
  A lemure (D:13)
  5 giant centipedes
  30 adders
  12 white imps (Orc:2)
  3 giant mites
  10 worms
  An adder zombie (D:7)
  A giant centipede zombie (D:13)
  6 grey rats (Sewer)
  A giant eyeball (D:12)
  An ooze (D:3)
  125 orcs
  4 ball pythons
  16 bats
  12 giant cockroaches
  36 goblins
  22 hobgoblins
  9 quokkas
  13 giant geckos
  A giant gecko zombie (D:6)
  7 giant newts
  2 giant spores
  A goblin skeleton (D:5)
  A goblin zombie (Bailey)
  10 jackals
  A jackal skeleton (D:4)
  23 kobolds
  An orc skeleton (D:5)
  2 orc zombies
  13 rats
  15 ballistomycetes
896 creatures vanquished.

Vanquished Creatures (collateral kills)
  Maud (D:14)
  The ghost of Egon the Eclecticist, a powerful DjWz of Vehumet (Orc:4)
  The ghost of bart the Geomancer, a powerful FoEE of Vehumet (IceCv)
  A minotaur (Lab)
  6 hydras
  Josephine (D:10)
  Erica (D:13)
  A hill giant (D:12)
  4 orc knights
  An orc sorcerer (Orc:4)
  The ghost of Flaco the Firebug, an experienced KoFE of Sif Muna (D:9)
  2 cyclopes
  2 black mambas
  An elephant (Lair:7)
  2 spiny frogs (Lair:1)
  2 steam dragons (Lair:8)
  2 komodo dragons
  A hydra zombie (D:14)
  8 polar bears
  3 blink frogs (Lair:1)
  A slime creature (D:14)
  A grizzly bear (Lair:2)
  12 yaks
  2 ugly things
  A shark (Lair:7)
  2 hippogriffs
  A rock worm (Lair:8)
  7 wolves
  A mottled dragon (Lair:8)
  3 porcupines
  2 soldier ants (Lair:3)
  8 orc warriors
  A swamp drake (Lair:8)
  A phantom (D:13)
  3 ogres
  4 water moccasins
  5 crocodiles
  3 wargs
  4 giant slugs
  2 giant frogs
  7 agate snails
  A boulder beetle zombie (D:14)
  An eye of draining (D:14)
  2 wights
  A goliath beetle (D:10)
  2 orc priests (Orc:4)
  A hound (Lair:1)
  4 orc wizards (Orc:4)
  6 iguanas
  15 worker ants
  A killer bee zombie (D:10)
  2 sheep
  A big kobold zombie (D:12)
  2 gnolls (Bailey)
  2 adders
  A giant centipede (Lair:2)
  18 green rats
  A worm (D:10)
  A worker ant simulacrum (D:10)
  An ufetubus (Orc:4)
  A giant gecko (Lair:1)
  40 orcs
  3 hobgoblins
  2 jackals
  A giant cockroach (D:8)
  A giant newt (Lair:3)
  5 goblins
  2 kobolds
  2 spectral orcs (Lair:4)
  A ballistomycete (D:14)
  2 fungi
  A plant (Lair:8)
237 creatures vanquished.

Vanquished Creatures (others)
  2 sun demons
  A soul eater (D:14)
  An ice devil (D:14)
  3 humans (D:14)
  4 sixfirhies
  3 smoke demons
  A black mamba zombie (Lair:4)
  A black mamba skeleton (Lair:1)
  A fire elemental (Bailey)
  A hill giant zombie (D:14)
  2 agate snail zombies (Lair:8)
  A spiny frog zombie (Lair:4)
  3 blink frog zombies
  19 ice beasts
  An elephant zombie (Lair:7)
  A human zombie (D:14)
  A human skeleton (Lab)
  4 hog zombies (D:14)
  A fire drake zombie (Lair:8)
  A giant slug zombie (Lair:7)
  A komodo dragon skeleton (Lair:1)
  A hippogriff zombie (Lair:7)
  A troll zombie (Orc:4)
  2 polar bear zombies (IceCv)
  4 yak zombies
  A hippogriff skeleton (Lair:2)
  4 wolf zombies
  3 centaur zombies (D:13)
  14 crimson imps
  2 soldier ant zombies (Lair:3)
  An orc wizard (Orc:4)
  A warg zombie (Orc:4)
  A water moccasin zombie (Lair:2)
  8 iron imps
  2 basilisk zombies
  A quasit (D:13)
  4 crocodile zombies
  A steam dragon zombie (Lair:8)
  10 worker ant zombies (Lair:3)
  2 swamp drake zombies (Lair:8)
  A worm zombie (Lair:6)
  16 lemures
  A shadow imp (D:13)
  18 white imps
  A goliath beetle zombie (Lair:6)
  9 ufetubi
  A giant centipede zombie (Lair:4)
  An iguana zombie (Lair:2)
  An adder skeleton (Lair:8)
  6 gnoll zombies (Bailey)
  16 green rat zombies
  A giant mite zombie (Lair:6)
  3 giant spores
  A goblin skeleton (Bailey)
  3 goblin zombies (Bailey)
  6 hobgoblin zombies
  3 jackal zombies
  2 orc skeletons (Orc:4)
  74 orc zombies
  A quokka skeleton (Lair:7)
  A rat zombie (Lair:4)
  14 fungi
  5 plants
301 creatures vanquished.

Grand Total: 1434 creatures vanquished

Notes
Turn   | Place    | Note
--------------------------------------------------------------
     0 | D:1      | JacquesDerrida, the Demonspawn Ice Elementalist, began the quest for the Orb.
     0 | D:1      | Reached XP level 1. HP: 13/13 MP: 3/3
   207 | D:1      | Reached skill level 3 in Ice Magic
   456 | D:1      | Gained mutation: You are partially covered in icy blue scales (AC +1). [demonic ancestry]
   456 | D:1      | Reached XP level 2. HP: 10/19 MP: 0/4
   934 | D:2      | Gained mutation: You can steal the life force of nearby defeated enemies. [demonic ancestry]
   934 | D:2      | Reached XP level 3. HP: 22/24 MP: 1/6
  1618 | D:3      | Reached skill level 4 in Ice Magic
  1618 | D:3      | Gained mutation: You have sharp toenails. [demonic ancestry]
  1618 | D:3      | Reached XP level 4. HP: 30/30 MP: 5/8
  1661 | D:3      | Noticed timbw's ghost (average OgFi)
  1662 | D:3      | Found a shattered altar of Ashenzari.
  1696 | D:3      | Killed timbw's ghost
  1696 | D:3      | Reached skill level 5 in Ice Magic
  1696 | D:3      | Reached XP level 5. HP: 16/35 MP: 0/9
  2061 | D:3      | Learned a level 3 spell: Ozocubu's Armour
  2221 | D:4      | Noticed Duvessa
  2221 | D:4      | Noticed Dowan
  2267 | D:4      | Noticed an ogre
  2267 | D:4      | Noticed a phantom
  2267 | D:4      | Noticed JacquesDerrida's ghost (average DsIE)
  2454 | D:4      | Killed Duvessa
  2454 | D:4      | Reached skill level 6 in Ice Magic
  2454 | D:4      | Gained mutation: You have razor-sharp toenails. [demonic ancestry]
  2454 | D:4      | Reached XP level 6. HP: 16/41 MP: 0/11
  2708 | D:4      | Killed JacquesDerrida's ghost
  2824 | D:4      | Learned a level 2 spell: Throw Frost
  2918 | D:5      | Entered Level 5 of the Dungeon
  3030 | D:5      | Noticed Prince Ribbit
  3042 | D:5      | Reached XP level 7. HP: 32/46 MP: 7/12
  3122 | D:5      | Killed Prince Ribbit
  3122 | D:5      | Reached skill level 7 in Ice Magic
  3772 | D:5      | Found a snail-covered altar of Cheibriados.
  3783 | D:5      | Gained mutation: You have claws for feet. [demonic ancestry]
  3783 | D:5      | Reached XP level 8. HP: 52/52 MP: 4/14
  3889 | D:5      | Noticed Sigmund
  3903 | D:5      | Killed Sigmund
  4017 | D:5      | Reached skill level 8 in Ice Magic
  4420 | D:6      | Found a staircase to the Ecumenical Temple.
  4430 | Temple   | Entered the Ecumenical Temple
  4503 | Temple   | Became a worshipper of Ashenzari the Shackled
  4591 | D:6      | Learned a level 4 spell: Throw Icicle
  4596 | D:6      | Learned a level 4 spell: Summon Ice Beast
  4684 | D:6      | Noticed Menkaure
  4690 | D:6      | Killed Menkaure
  4773 | D:6      | Found a glowing drain.
  4785 | Sewer    | Entered a sewer
  4870 | Sewer    | Reached skill level 5 in Conjurations
  4870 | Sewer    | Reached skill level 9 in Ice Magic
  4961 | Sewer    | Reached XP level 9. HP: 57/57 MP: 7/19
  5581 | D:6      | Noticed Crazy Yiuf
  5601 | D:6      | Killed Crazy Yiuf
  5788 | D:7      | Reached skill level 1 in Summonings
  6114 | D:7      | Reached skill level 10 in Ice Magic
  6257 | D:7      | Found a bloodstained altar of Trog.
  6418 | D:7      | Found a blossoming altar of Fedhas.
  6561 | D:8      | Learned a level 1 spell: Animate Skeleton
  6950 | D:8      | Found a deep blue altar of Sif Muna.
  6951 | D:8      | Found a sparkling altar of Nemelex Xobeh.
  7265 | D:9      | Noticed Flaco's ghost (experienced KoFE)
  7380 | D:9      | Killed Flaco's ghost
  7380 | D:9      | Reached XP level 10. HP: 61/63 MP: 5/20
  7408 | D:9      | Found a staircase to the Lair.
  7543 | Lair:1   | Entered Level 1 of the Lair of Beasts
  7557 | Lair:1   | Reached skill level 11 in Ice Magic
  8014 | Lair:1   | Noticed a black mamba
  8024 | Lair:1   | Killed a black mamba
  8037 | Lair:1   | Noticed a five-headed hydra
  8106 | Lair:1   | Reached skill level 12 in Ice Magic
  8143 | Lair:1   | Noticed a black mamba
  8154 | Lair:1   | Killed a black mamba
  8154 | Lair:1   | Reached skill level 5 in Spellcasting
  8182 | Lair:1   | Learned a level 4 spell: Animate Dead
  8338 | Lair:1   | Killed a five-headed hydra
  8339 | Lair:1   | Reached skill level 5 in Necromancy
  8461 | Lair:1   | Gained mutation: You can steal the life force of defeated enemies. [demonic ancestry]
  8461 | Lair:1   | Reached XP level 11. HP: 50/68 MP: 8/22
  8559 | Lair:1   | Got the cursed robe "Ghyxaoxi" {Str+2 Dex+5}
  8561 | Lair:1   | Identified the cursed +0 robe "Ghyxaoxi" {Str+2 Dex+5} (You found it on level 1 of the Lair of Beasts)
 11203 | Lair:3   | Reached skill level 1 in Fighting
 11743 | Lair:4   | Noticed Nergalle
 12069 | Lair:4   | Noticed a spectral orc warlord
 12075 | Lair:4   | Killed Nergalle
 12075 | Lair:4   | Gained mutation: A weak demonic guardian rushes to your aid. [demonic ancestry]
 12075 | Lair:4   | Reached XP level 12. HP: 42/77 MP: 5/27
 12532 | Lair:4   | Reached skill level 10 in Conjurations
 12811 | Lair:4   | Acquired Ashenzari's first power
 13350 | Lair:5   | Found a staircase to the Swamp.
 14203 | Lair:5   | Noticed an eight-headed hydra
 14220 | Lair:5   | Killed an eight-headed hydra
 14547 | Lair:6   | Found a hole to the Spider Nest.
 14729 | Lair:6   | Identified a scroll of acquirement
 14730 | Lair:6   | Got the cursed pair of gloves "Ucliegut" {MR++}
 14751 | Lair:6   | Noticed a four-headed hydra
 14884 | Lair:6   | Identified the cursed +1 pair of gloves "Ucliegut" {MR++} (You acquired it on level 6 of the Lair of Beasts)
 15012 | Lair:6   | Got an uncursed shimmering silver ring
 15014 | Lair:6   | Identified the ring of Ytemm {SustAb rF- Dam+3} (You found it on level 6 of the Lair of Beasts)
 15130 | Lair:6   | Killed a four-headed hydra
 15399 | Lair:6   | Noticed a six-headed hydra
 15411 | Lair:7   | Noticed a five-headed hydra
 15487 | Lair:6   | Noticed a seven-headed hydra
 15858 | Lair:7   | Found a labyrinth entrance.
 15859 | Lair:7   | Identified the +9,+9 sling of the Little People {velocity, rC+}
 15865 | Lair:7   | Found a white marble altar of Elyvilon.
 15870 | Lab      | Entered a labyrinth
 16394 | Lab      | Noticed a minotaur
 16420 | Lab      | Killed a minotaur
 16525 | Lab      | Upgraded the game from 0.14-a0-759-g26e2352 to 0.14-a0-770-g009d3a2
 16695 | Lair:3   | Noticed a six-headed hydra
 16705 | Lair:3   | Killed a six-headed hydra
 16941 | Lair:1   | Learned a level 3 spell: Regeneration
 17258 | Lair:6   | Killed a six-headed hydra
 17359 | Lair:6   | Killed a seven-headed hydra
 17470 | Lair:6   | Found a staircase to the Slime Pits.
 17691 | Lair:7   | Acquired Ashenzari's second power
 17691 | Lair:7   | Noticed an eight-headed hydra
 17771 | Lair:7   | Killed an eight-headed hydra
 17771 | Lair:7   | Reached XP level 13. HP: 68/82 MP: 11/29
 17809 | Lair:7   | Reached skill level 5 in Shields
 17914 | Lair:8   | Entered Level 8 of the Lair of Beasts
 17976 | Lair:8   | Found a white marble altar of Elyvilon.
 18033 | Lair:8   | Reached skill level 1 in Short Blades
 19216 | Lair:8   | Gained mutation: You occasionally shout uncontrollably. [mutagenic glow]
 19236 | Lair:8   | Gained mutation: Your magical capacity is low (-10% MP). [mutagenic glow]
 19299 | Lair:7   | Reached skill level 1 in Armour
 19326 | Lair:7   | Killed a five-headed hydra
 19814 | D:9      | Noticed Maurice
 19827 | D:9      | Killed Maurice
 19907 | D:9      | Noticed Erolcha
 19916 | D:9      | Killed Erolcha
 19916 | D:9      | Reached skill level 5 in Fighting
 20163 | D:10     | Entered Level 10 of the Dungeon
 20210 | D:10     | Learned a level 2 spell: Blink
 20213 | D:10     | Learned a level 2 spell: Repel Missiles
 20217 | D:10     | Learned a level 3 spell: Conjure Flame
 20224 | D:10     | Found Kicuif's Armour Shoppe.
 20260 | D:10     | Found Lihopp's Food Boutique.
 20374 | D:10     | Found Schafix's Weapon Shop.
 20536 | D:10     | Found Pnoociopp's Magical Wand Shoppe.
 20570 | D:10     | Bought a wand of teleportation (2) for 288 gold pieces
 20583 | D:10     | Noticed Josephine
 20597 | D:10     | Killed Josephine
 20597 | D:10     | Reached skill level 1 in Charms
 20827 | D:11     | Found a staircase to the Orcish Mines.
 20909 | D:11     | Acquired Ashenzari's third power
 21493 | D:12     | Found Haipua's Armour Shoppe.
 21536 | D:12     | Found a flagged portal.
 21575 | Bailey   | Entered a bailey
 22021 | Bailey   | Noticed an orc warlord
 22051 | Bailey   | Killed an orc warlord
 22051 | Bailey   | Reached skill level 5 in Charms
 22428 | D:12     | Reached skill level 1 in Long Blades
 22503 | D:12     | Paralysed by a giant eyeball for 3 turns
 23502 | D:13     | Gained mutation: A demonic guardian rushes to your aid. [demonic ancestry]
 23502 | D:13     | Reached XP level 14. HP: 94/94 MP: 22/27
 23740 | D:13     | Noticed Erica
 23752 | D:13     | Killed Erica
 23896 | D:13     | Found Wuecael's Assorted Antiques.
 23975 | D:13     | Reached skill level 5 in Long Blades
 24451 | D:14     | Noticed Kirke
 24462 | D:14     | Killed Kirke
 24846 | D:14     | Found Ranlar's Distillery.
 24848 | D:14     | Noticed Roxanne
 24891 | D:14     | Bought a potion of curing for 30 gold pieces
 24891 | D:14     | Bought a potion of agility for 37 gold pieces
 24891 | D:14     | Bought a potion of flight for 45 gold pieces
 25012 | D:14     | Noticed Maud
 25023 | D:14     | Killed Maud
 25315 | D:14     | Noticed Harold
 25334 | D:14     | Killed Harold
 25448 | D:14     | Your ally Harold died
 25974 | D:14     | Reached skill level 13 in Ice Magic
 26550 | Orc:1    | Entered Level 1 of the Orcish Mines
 26863 | Orc:2    | Found Goziwin's Weapon Shop.
 27235 | Orc:2    | Found a frozen archway.
 27318 | IceCv    | Entered an ice cave
 27318 | IceCv    | Acquired Ashenzari's fourth power
 27342 | IceCv    | Reached skill level 1 in Maces & Flails
 27808 | IceCv    | Noticed a frost giant
 27816 | IceCv    | Gained mutation: Your digestive system is specialised to digest meat. [potion of beneficial mutation]
 27817 | IceCv    | Gained mutation: You can spit poison. [potion of beneficial mutation]
 27880 | IceCv    | Killed a frost giant
 27881 | IceCv    | Noticed bart's ghost (powerful FoEE)
 27888 | IceCv    | Killed bart's ghost
 28431 | Orc:3    | Reached skill level 5 in Maces & Flails
 28801 | Orc:3    | Found a roughly hewn altar of Beogh.
 28864 | Orc:4    | Entered Level 4 of the Orcish Mines
 28868 | Orc:4    | Noticed Egon's ghost (powerful DjWz)
 28874 | Orc:4    | Killed Egon's ghost
 28882 | Orc:4    | Found Liod's Jewellery Emporium.
 28882 | Orc:4    | Found Qaukkoje's Antique Weapon Emporium.
 28882 | Orc:4    | Found Yxzi's Armour Shop.
 28884 | Orc:4    | Found Naixuk's Magic Scroll Shop.
 29047 | Orc:4    | Found a roughly hewn altar of Beogh.
 29300 | Orc:3    | Found a staircase to the Elven Halls.
 29320 | Orc:4    | Noticed Nessos
 29328 | Orc:4    | Noticed Saint Roka
 29331 | Orc:4    | Killed Nessos
 29768 | Orc:3    | Killed Saint Roka
 29970 | Orc:4    | Found Praochapa's Gadget Shop.
 30509 | Orc:4    | Reached XP level 15. HP: 100/100 MP: 4/27
 31313 | Orc:4    | Killed from afar by an orc sorcerer

Action                   |  1- 3 |  4- 6 |  7- 9 | 10-12 | 13-15 || total
-------------------------+-------+-------+-------+-------+-------++-------
Melee: Dagger            |    87 |     2 |       |    29 |   958 ||  1076
       Short sword       |       |    37 |    87 |   245 |       ||   369
       Demon whip        |       |       |       |       |   587 ||   587
Throw: Dart              |     2 |       |     4 |       |       ||     6
 Cast: Freeze            |    52 |    66 |   308 |   829 |   559 ||  1814
       Ozocubu's Armour  |       |     1 |    20 |    46 |    95 ||   162
       Throw Frost       |       |       |    10 |     8 |    10 ||    28
       Throw Icicle      |       |       |     5 |    29 |    85 ||   119
       Animate Skeleton  |       |       |     4 |     4 |     1 ||     9
       Summon Ice Beast  |       |       |     2 |    11 |    30 ||    43
       Animate Dead      |       |       |       |    36 |    67 ||   103
       Repel Missiles    |       |       |       |       |    14 ||    14
       Regeneration      |       |       |       |       |    12 ||    12
       Blink             |       |       |       |       |     1 ||     1
Invok: Scrying           |       |       |       |       |     5 ||     5
 Abil: Evoke Invisibilit |       |       |       |       |     2 ||     2
Evoke: Wand              |       |       |     5 |    13 |    39 ||    57
       Miscellaneous     |       |       |       |       |     2 ||     2
  Use: Potion            |       |     2 |     4 |     4 |    15 ||    25
       Scroll            |       |     1 |    14 |    18 |    17 ||    50
 Stab: Sleeping          |     1 |     4 |     6 |     5 |     6 ||    22
       Invisible         |       |       |     1 |       |       ||     1
       Distracted        |       |       |       |     2 |    13 ||    15
       Fleeing           |       |       |       |       |     1 ||     1
